WCHLSIM.com - West Coast Hockey League
html PUBLIC "-//W3C//DTD XHTML 1.0 Transitional//EN" "http://www.w3.org/TR/xhtml1/DTD/xhtml1-transitional.dtd"> WCHL - Game 648 - UTAH ICE BEARS vs SPOKANE KNIGHTS

UTAH ICE BEARS vs SPOKANE KNIGHTS

Created - 12 janvier 2024 at 20:43

Goals
1 2 3 OT1 T
UTAH ICE BEARS 0 2 0 0 2
SPOKANE KNIGHTS 2 0 0 1 3
Shots
1 2 3 OT1 T
UTAH ICE BEARS 14 16 17 2 49
SPOKANE KNIGHTS 10 8 2 1 21

1st period

1. SPOKANE KNIGHTS , Shane Pinto 11 (Lias Andersson 1, Tucker Poolman 1) at 4:28
2. SPOKANE KNIGHTS , Nicklas Backstrom 10 (Patrice Bergeron 17, Tucker Poolman 2) at 17:04

Penalties :
Morgan Frost (UTA) for High sticking (Minor) at 10:13, Henri Nikkanen (SPO) for Hooking (Minor) at 14:37

2nd period

3. UTAH ICE BEARS , Alexander Ovechkin 18 (David Savard 13) at 10:13
4. UTAH ICE BEARS , Matthew Beniers 18 (MacKenzie Weegar 12, Alexander Ovechkin 26) at 18:01

Penalties :
T.J. Brodie (UTA) for Holding (Minor) at 15:12

3rd period

No Goal

Penalties :
Chad Ruhwedel (SPO) for Hooking (Minor) at 3:28, Chad Ruhwedel (SPO) for High sticking (Minor) at 6:39, Andrew Peeke (UTA) for Interference (Minor) at 8:59, Tucker Poolman (SPO) for Holding (Minor) at 11:28

Overtime #1

5. SPOKANE KNIGHTS , Patrice Bergeron 16 (Evan Bouchard 15, Robert Fabbri 2) at 0:42

Penalties :
No Penalty

Goalie Stats

Connor Ingram (UTA), 18 saves from 21 shots - (0,857), OTL, 13-7-1, 60:43 minutes
Frederik Andersen (SPO), 47 saves from 49 shots - (0,959), W, 13-11-5, 60:43 minutes

Players Stats for UTAH ICE BEARS

Player Name              G  A  P  +/- PIM S  H  SB GA TA FO     MP     PP MP  PK MP  
------------------------------------------------------------------------------------
Alexander Barabanov      0  0  0   2  0   5  0  0  0  0  0/1    19:20   3:38   1:02 
Alexander Ovechkin       1  1  2   1  0   6  3  0  0  0  0/1    19:41   4:18   0:00 
Andrew Mangiapane        0  0  0   0  0   0  0  0  0  0  0/0     5:43   0:00   1:54 
Andrew Peeke             0  0  0  -2  2   2  2  1  0  0  0/0    18:47   0:00   2:02 
Artem Zub                0  0  0   0  0   1  1  0  0  0  0/0    18:11   3:23   2:51 
Blake Lizotte            0  0  0   0  0   0  0  0  0  0  2/4     5:11   0:00   1:22 
Casey Mittelstadt        0  0  0  -1  0   3  1  0  0  0  0/1    18:38   3:38   0:00 
David Savard             0  1  1   2  0   2  0  0  0  0  0/0    20:35   0:00   3:11 
Evgeni Malkin            0  0  0  -2  0   5  1  0  0  0  12/28  21:46   4:18   1:45 
Kevin Bahl               0  0  0   0  0   0  1  1  0  0  0/0    15:55   3:23   0:35 
Kyle Okposo              0  0  0   0  0   1  0  0  0  0  0/0     7:16   0:00   3:27 
Lucas Raymond            0  0  0  -1  0   1  0  0  0  0  1/1    12:38   0:00   0:00 
MacKenzie Weegar         0  1  1   1  0   2  2  1  0  0  0/0    24:57   4:33   3:09 
Matias Maccelli          0  0  0  -1  0   3  1  0  0  0  0/0    12:38   0:00   0:00 
Matthew Beniers          1  0  1   2  0   5  0  0  0  0  14/22  18:18   3:38   0:00 
Matthew Tkachuk          0  0  0  -1  0   5  1  0  0  0  0/0    19:18   4:18   0:00 
Morgan Frost             0  0  0  -1  2   5  1  0  0  0  10/17  15:01   0:00   2:24 
T.J. Brodie              0  0  0  -2  2   3  1  1  0  0  0/0    22:16   4:33   0:06 

Players Stats for SPOKANE KNIGHTS

Player Name              G  A  P  +/- PIM S  H  SB GA TA FO     MP     PP MP  PK MP  
------------------------------------------------------------------------------------
Chad Ruhwedel            0  0  0  -1  4   0  1  1  0  0  0/0    19:30   2:33   2:01 
Corey Perry              0  0  0  -1  0   1  0  0  0  0  0/2    14:33   2:04   0:00 
Derek Grant              0  0  0  -1  0   2  1  1  0  0  7/17   17:48   2:04   3:15 
Derrick Pouliot          0  0  0   1  0   0  1  3  0  0  0/0    16:36   0:00   0:33 
Dominic Toninato         0  0  0  -1  0   0  0  0  0  0  0/0     8:17   0:00   0:00 
Dryden Hunt              0  0  0  -1  0   2  3  0  0  0  0/2     9:33   0:00   1:16 
Evan Bouchard            0  1  1   1  0   0  4  4  0  0  0/0    23:40   3:24   4:27 
Henri Nikkanen           0  0  0   1  2   0  4  0  0  0  0/2    14:21   0:00   3:39 
Jonathon Merrill         0  0  0   0  0   0  4  0  0  0  0/0    22:47   3:24   4:17 
Lias Andersson           0  1  1   1  0   0  0  0  0  0  1/2    10:43   0:00   0:00 
Nathan Beaulieu          0  0  0  -1  0   0  1  1  0  0  0/0    20:36   2:33   3:05 
Nicklas Backstrom        1  0  1   1  0   4  0  0  0  0  13/19  21:40   3:53   2:50 
Patrice Bergeron         1  1  2   2  0   5  1  3  0  0  3/5    19:14   3:53   0:00 
Quinton Byfield          0  0  0  -1  0   1  0  0  0  0  4/8     8:17   0:00   0:00 
Robert Fabbri            0  1  1   2  0   0  0  0  0  0  1/1    15:02   0:00   0:00 
Shane Pinto              1  0  1   1  0   3  0  2  0  0  7/16   19:28   3:53   4:52 
Tucker Poolman           0  2  2   1  2   1  0  1  0  0  0/0    17:31   0:00   1:29 
Tyler Motte              0  0  0  -1  0   2  3  0  0  0  0/1    14:33   2:04   0:00 

3 Stars

1 - Frederik Andersen (SPO)
2 - Patrice Bergeron (SPO)
3 - Alexander Ovechkin (UTA)

Power Play

UTAH ICE BEARS - 0 on 4 Attempt(s) - 0,00%
SPOKANE KNIGHTS - 0 on 3 Attempt(s) - 0,00%

Penalty Kill

UTAH ICE BEARS - 3 on 3 Attempt(s) - 100,00% - Score 0 goal in Penalty Kill
SPOKANE KNIGHTS - 4 on 4 Attempt(s) - 100,00% - Score 0 goal in Penalty Kill

Team Stat

UTAH ICE BEARS - Hits : 15 - Faceoff Wins : 39 - Blocked Shots : 4 - Penalty Minutes : 6
SPOKANE KNIGHTS - Hits : 23 - Faceoff Wins : 36 - Blocked Shots : 16 - Penalty Minutes : 8

Official

Referees : Mike Duco and Justin Kea
Linesman : Matt Brady and Darren Gibbs

Game Notes

No Game Note

Finance

Level 1 -- Attendance: 8350 (100,00%) -- Ticket Income 1 369 400 $
Level 2 -- Attendance: 5630 (92,30%) -- Ticket Income 698 120 $
Level 3 -- Attendance: 2400 (100,00%) -- Ticket Income 249 600 $
Level 4 -- Attendance: 5774 (96,23%) -- Ticket Income 369 536 $
Luxury Box -- Attendance: 1150 (100,00%) -- Ticket Income 356 500 $
Total Attendance: 23304 (97,10%)
Total Ticket Income: 3 043 156 $
Other Expense: 30 432 $
Total Income: 3 012 724 $

UTAH ICE BEARS

5 vs 5 Forward 
   Center                   Left Wing                Right Wing               Time % Phy DF OF 
 1 Evgeni Malkin            Casey Mittelstadt        Matthew Tkachuk          36     1   2  2  
 2 Matthew Beniers          Alexander Ovechkin       Alexander Barabanov      34     1   2  2  
 3 Morgan Frost             Matias Maccelli          Lucas Raymond            25     0   3  2  
 4 Blake Lizotte            Andrew Mangiapane        Kyle Okposo              5      1   3  1  

5 vs 5 Defense 
   Defense                  Defense                                           Time % Phy DF OF 
 1 David Savard             MacKenzie Weegar                                  36     1   2  2  
 2 Andrew Peeke             T.J. Brodie                                       35     1   2  2  
 3 Artem Zub                Kevin Bahl                                        23     1   3  1  
 4 David Savard             T.J. Brodie                                       6      0   3  2  

PowerPlay Forward 
   Center                   Left Wing                Right Wing               Time % Phy DF OF 
 1 Evgeni Malkin            Alexander Ovechkin       Matthew Tkachuk          65     1   1  3  
 2 Matthew Beniers          Casey Mittelstadt        Alexander Barabanov      35     1   1  3  

PowerPlay Defense
   Defense                  Defense                                           Time % Phy DF OF 
 1 T.J. Brodie              MacKenzie Weegar                                  65     0   2  3  
 2 Kevin Bahl               Artem Zub                                         35     0   2  3  

Penalty Kill 4 Players Forward 
   Center                   Wing                     Time % Phy DF OF 
 1 Morgan Frost             Kyle Okposo              60     1   4  0  
 2 Blake Lizotte            Andrew Mangiapane        40     1   4  0  

Penalty Kill 4 Players Defense
   Defense                  Defense                  Time % Phy DF OF 
 1 Andrew Peeke             MacKenzie Weegar         60     1   4  0  
 2 Artem Zub                David Savard             40     1   4  0  

Penalty Kill - 3 Players Forward 
   Forward                                           Time % Phy DF OF 
 1 Blake Lizotte                                     55     1   4  0  
 2 Kyle Okposo                                       45     1   4  0  

Penalty Kill - 3 Players Defense
   Defense                  Defense                  Time % Phy DF OF 
 1 MacKenzie Weegar         Artem Zub                55     1   4  0  
 2 David Savard             Andrew Peeke             45     1   4  0  

4 vs 4 Forward 
   Center                   Wing                     Time % Phy DF OF 
 1 Casey Mittelstadt        Alexander Ovechkin       55     0   2  3  
 2 Matthew Beniers          Matthew Tkachuk          45     0   2  3  

4 vs 4 Defense
   Defense                  Defense                  Time % Phy DF OF 
 1 MacKenzie Weegar         Andrew Peeke             55     0   4  1  
 2 David Savard             T.J. Brodie              45     0   4  1  

Last Minutes Offensive
   Center                   Left Wing                Right Wing               Defense                  Defense                  
   Evgeni Malkin            Alexander Ovechkin       Matthew Tkachuk          MacKenzie Weegar         T.J. Brodie              

Last Minutes Defensive
   Center                   Left Wing                Right Wing               Defense                  Defense                  
   Evgeni Malkin            Andrew Mangiapane        Matthew Tkachuk          MacKenzie Weegar         David Savard             

Goaltenders
Starting : Connor Ingram            
Backup : Thatcher Demko           

Extra Forwards
Normal : Alexander Ovechkin, Matias Maccelli, Andrew Mangiapane - PP : Matthew Beniers, Kyle Okposo - PK : Evgeni Malkin
Extra Defensemen
Normal : T.J. Brodie, David Savard, MacKenzie Weegar - PP : T.J. Brodie - PK : Andrew Peeke, David Savard
Penalty Shots
Alexander Ovechkin, Matthew Tkachuk, Evgeni Malkin, Matthew Beniers, Casey Mittelstadt
Custom OT Lines Forwards
Evgeni Malkin, Alexander Ovechkin, Matthew Tkachuk, Matthew Beniers, Alexander Barabanov, Matias Maccelli, Casey Mittelstadt, Andrew Mangiapane, Morgan Frost, Kyle Okposo
Custom OT Lines Defensemen
MacKenzie Weegar, T.J. Brodie, David Savard, Andrew Peeke, Artem Zub

Scratches
Bowen Byram (Lacerated Right Calf Injury), Ross Colton (Healthy)

SPOKANE KNIGHTS

5 vs 5 Forward 
   Center                   Left Wing                Right Wing               Time % Phy DF OF 
 1 Nicklas Backstrom        Patrice Bergeron         Robert Fabbri            36     1   2  2  
 2 Derek Grant              Tyler Motte              Corey Perry              31     1   2  2  
 3 Shane Pinto              Lias Andersson           Henri Nikkanen           23     1   2  2  
 4 Quinton Byfield          Dryden Hunt              Dominic Toninato         10     1   2  2  

5 vs 5 Defense 
   Defense                  Defense                                           Time % Phy DF OF 
 1 Evan Bouchard            Jonathon Merrill                                  36     1   2  2  
 2 Nathan Beaulieu          Chad Ruhwedel                                     31     1   2  2  
 3 Derrick Pouliot          Tucker Poolman                                    23     1   2  2  
 4 Evan Bouchard            Jonathon Merrill                                  10     1   2  2  

PowerPlay Forward 
   Center                   Left Wing                Right Wing               Time % Phy DF OF 
 1 Nicklas Backstrom        Shane Pinto              Patrice Bergeron         55     1   2  2  
 2 Derek Grant              Tyler Motte              Corey Perry              45     1   2  2  

PowerPlay Defense
   Defense                  Defense                                           Time % Phy DF OF 
 1 Evan Bouchard            Jonathon Merrill                                  55     1   2  2  
 2 Nathan Beaulieu          Chad Ruhwedel                                     45     1   2  2  

Penalty Kill 4 Players Forward 
   Center                   Wing                     Time % Phy DF OF 
 1 Shane Pinto              Henri Nikkanen           55     1   2  2  
 2 Nicklas Backstrom        Derek Grant              45     1   2  2  

Penalty Kill 4 Players Defense
   Defense                  Defense                  Time % Phy DF OF 
 1 Evan Bouchard            Jonathon Merrill         55     1   2  2  
 2 Nathan Beaulieu          Chad Ruhwedel            45     1   2  2  

Penalty Kill - 3 Players Forward 
   Forward                                           Time % Phy DF OF 
 1 Nicklas Backstrom                                 55     1   2  2  
 2 Derek Grant                                       45     1   2  2  

Penalty Kill - 3 Players Defense
   Defense                  Defense                  Time % Phy DF OF 
 1 Evan Bouchard            Jonathon Merrill         55     1   2  2  
 2 Nathan Beaulieu          Chad Ruhwedel            45     1   2  2  

4 vs 4 Forward 
   Center                   Wing                     Time % Phy DF OF 
 1 Robert Fabbri            Dominic Toninato         55     1   2  2  
 2 Nicklas Backstrom        Derek Grant              45     1   2  2  

4 vs 4 Defense
   Defense                  Defense                  Time % Phy DF OF 
 1 Evan Bouchard            Jonathon Merrill         55     1   2  2  
 2 Nathan Beaulieu          Chad Ruhwedel            45     1   2  2  

Last Minutes Offensive
   Center                   Left Wing                Right Wing               Defense                  Defense                  
   Nicklas Backstrom        Patrice Bergeron         Robert Fabbri            Evan Bouchard            Jonathon Merrill         

Last Minutes Defensive
   Center                   Left Wing                Right Wing               Defense                  Defense                  
   Nicklas Backstrom        Patrice Bergeron         Robert Fabbri            Evan Bouchard            Jonathon Merrill         

Goaltenders
Starting : Frederik Andersen        
Backup : Matthew Murray           

Extra Forwards
Normal : Henri Nikkanen, Dominic Toninato, Shane Pinto - PP : Henri Nikkanen, Dominic Toninato - PK : Shane Pinto
Extra Defensemen
Normal : Derrick Pouliot, Tucker Poolman, Nathan Beaulieu - PP : Derrick Pouliot - PK : Tucker Poolman, Nathan Beaulieu
Penalty Shots
Patrice Bergeron, Corey Perry, Nicklas Backstrom, Derek Grant, Shane Pinto
Custom OT Lines Forwards
Patrice Bergeron, Robert Fabbri, Nicklas Backstrom, Derek Grant, Shane Pinto, Corey Perry, Tyler Motte, Quinton Byfield, Lias Andersson, Henri Nikkanen
Custom OT Lines Defensemen
Evan Bouchard, Jonathon Merrill, Nathan Beaulieu, Chad Ruhwedel, Derrick Pouliot

Scratches
Brady Tkachuk (Exhaustion), Anthony Cirelli (Upper Body Injury), Zach Parise (Exhaustion), Rasmus Kupari (Strained Right Elbow Injury)

% Time on Ice - UTAH ICE BEARS

Lines # - Real PCT - Wanted PCT - Time Play
Normal Forward
1 - 33% - 36% - 15:00
2 - 32% - 34% - 14:40
3 - 27% - 25% - 12:38
4 - 8% - 5% - 3:49
Normal Defense
1 - 36% - 36% - 16:32
2 - 36% - 35% - 16:46
3 - 26% - 23% - 11:57
4 - 2% - 6% - 0:52
PP Forward
1 - 54% - 65% - 4:18
2 - 46% - 35% - 3:38
PP Defense
1 - 57% - 65% - 4:33
2 - 43% - 35% - 3:23
PK Forward
1 - 77% - 60% - 4:35
2 - 23% - 40% - 1:22
PK Defense
1 - 66% - 60% - 3:56
2 - 34% - 40% - 2:01
PK3 Forward
1 - 0% - 55%
2 - 0% - 45%
PK3 Defense
1 - 0% - 55%
2 - 0% - 45%
44 Forward
1 - 0% - 55%
2 - 0% - 45%
44 Defense
1 - 0% - 55%
2 - 0% - 45%
Last Minute Offensive  - 0:00
Last Minute Defensive  - 0:00
Total
Forward - 60:00
Defense - 60:00

% Time on Ice - SPOKANE KNIGHTS

Lines # - Real PCT - Wanted PCT - Time Play
Normal Forward
1 - 32% - 36% - 14:38
2 - 27% - 31% - 12:29
3 - 23% - 23% - 10:43
4 - 18% - 10% - 8:17
Normal Defense
1 - 30% - 36% - 13:47
2 - 32% - 31% - 14:58
3 - 35% - 23% - 16:03
4 - 3% - 10% - 1:19
PP Forward
1 - 65% - 55% - 3:53
2 - 35% - 45% - 2:04
PP Defense
1 - 57% - 55% - 3:24
2 - 43% - 45% - 2:33
PK Forward
1 - 64% - 55% - 5:06
2 - 36% - 45% - 2:50
PK Defense
1 - 55% - 55% - 4:21
2 - 45% - 45% - 3:35
PK3 Forward
1 - 0% - 55%
2 - 0% - 45%
PK3 Defense
1 - 0% - 55%
2 - 0% - 45%
44 Forward
1 - 0% - 55%
2 - 0% - 45%
44 Defense
1 - 0% - 55%
2 - 0% - 45%
Last Minute Offensive  - 0:00
Last Minute Defensive  - 0:00
Total
Forward - 60:00
Defense - 60:00

Play-by-Play

1st period


0:01 of 1st period - Nicklas Backstrom wins face-off versus Evgeni Malkin in neutral zone.
0:12 of 1st period - Shot by Evgeni Malkin.
0:12 of 1st period - Deflect By Matthew Tkachuk.
0:12 of 1st period - Shot Misses the Net.
0:20 of 1st period - Shot by Matthew Tkachuk.
0:20 of 1st period - Shot Misses the Net.
0:22 of 1st period - Shot by Matthew Tkachuk.
0:22 of 1st period - Stopped by Frederik Andersen without a rebound.
0:23 of 1st period - Matthew Beniers wins face-off versus Corey Perry in SPOKANE KNIGHTS zone.
0:46 of 1st period - Shot by Tyler Motte.
0:46 of 1st period - Stopped by Connor Ingram without a rebound.
0:47 of 1st period - Morgan Frost wins face-off versus Shane Pinto in UTAH ICE BEARS zone.
0:54 of 1st period - Shot by Matias Maccelli.
0:54 of 1st period - Shot Blocked by Shane Pinto.
1:22 of 1st period - Shot by Matias Maccelli.
1:22 of 1st period - Shot Blocked by Tucker Poolman.
1:24 of 1st period - Shot by Artem Zub.
1:24 of 1st period - Stopped by Frederik Andersen without a rebound.
1:25 of 1st period - Quinton Byfield wins face-off versus Evgeni Malkin in SPOKANE KNIGHTS zone.
1:35 of 1st period - Icing by Matthew Tkachuk.
1:36 of 1st period - Evgeni Malkin wins face-off versus Nicklas Backstrom in UTAH ICE BEARS zone.
1:36 of 1st period - Evgeni Malkin is hit by Patrice Bergeron.
1:55 of 1st period - Shot by Patrice Bergeron.
1:55 of 1st period - Stopped by Connor Ingram without a rebound.
1:56 of 1st period - Derek Grant wins face-off versus Alexander Ovechkin in UTAH ICE BEARS zone.
2:01 of 1st period - Shot by Corey Perry.
2:01 of 1st period - Shot Blocked by T.J. Brodie.
2:11 of 1st period - Shot by Alexander Barabanov.
2:11 of 1st period - Shot Blocked by Evan Bouchard.
2:22 of 1st period - Icing by Evan Bouchard.
2:23 of 1st period - Derek Grant wins face-off versus Blake Lizotte in SPOKANE KNIGHTS zone.
2:48 of 1st period - Shot by Andrew Mangiapane.
2:48 of 1st period - Shot Blocked by Evan Bouchard.
3:24 of 1st period - Shot by Patrice Bergeron.
3:24 of 1st period - Shot Misses the Net.
3:26 of 1st period - Shot by Patrice Bergeron.
3:26 of 1st period - Shot Misses the Net.
4:26 of 1st period - Shot by Lias Andersson.
4:26 of 1st period - Shot Blocked by Andrew Peeke.
4:28 of 1st period - Shot by Shane Pinto.
4:28 of 1st period - Goal by Shane Pinto - UTAH ICE BEARS : 0 - SPOKANE KNIGHTS : 1.
4:29 of 1st period - Matthew Beniers wins face-off versus Quinton Byfield in neutral zone.
4:47 of 1st period - Shot by Quinton Byfield.
4:47 of 1st period - Shot Misses the Net.
4:59 of 1st period - Alexander Ovechkin is hit by Dryden Hunt and loses puck.
5:12 of 1st period - Shot by Alexander Ovechkin.
5:12 of 1st period - Shot Hit the Post.
5:36 of 1st period - Shot by Morgan Frost.
5:36 of 1st period - Stopped by Frederik Andersen without a rebound.
5:37 of 1st period - Patrice Bergeron wins face-off versus Blake Lizotte in SPOKANE KNIGHTS zone.
5:42 of 1st period - Shot by Patrice Bergeron.
5:42 of 1st period - Shot Misses the Net.
6:14 of 1st period - Shot by Nicklas Backstrom.
6:14 of 1st period - Stopped by Connor Ingram with a rebound.
6:16 of 1st period - Shot by Patrice Bergeron.
6:16 of 1st period - Stopped by Connor Ingram with a rebound.
6:18 of 1st period - Shot by Nathan Beaulieu.
6:18 of 1st period - Shot Misses the Net.
6:33 of 1st period - Shot by Corey Perry.
6:33 of 1st period - Shot Misses the Net.
6:44 of 1st period - Shot by Corey Perry.
6:44 of 1st period - Stopped by Connor Ingram without a rebound.
6:45 of 1st period - Morgan Frost wins face-off versus Lias Andersson in UTAH ICE BEARS zone.
6:56 of 1st period - Shot by Morgan Frost.
6:56 of 1st period - Shot Blocked by Shane Pinto.
7:01 of 1st period - Lias Andersson is hit by Morgan Frost and loses puck.
7:06 of 1st period - T.J. Brodie is hit by Henri Nikkanen and loses puck.
7:18 of 1st period - Shane Pinto is hit by Andrew Peeke and loses puck.
8:07 of 1st period - Icing by Alexander Ovechkin.
8:08 of 1st period - Matthew Beniers wins face-off versus Nicklas Backstrom in UTAH ICE BEARS zone.
8:44 of 1st period - Shot by Patrice Bergeron.
8:44 of 1st period - Stopped by Connor Ingram without a rebound.
8:45 of 1st period - Shane Pinto wins face-off versus Evgeni Malkin in UTAH ICE BEARS zone.
8:45 of 1st period - Lias Andersson is hit by MacKenzie Weegar and loses puck.
9:38 of 1st period - Icing by Shane Pinto.
9:39 of 1st period - Lias Andersson wins face-off versus Matthew Beniers in SPOKANE KNIGHTS zone.
9:57 of 1st period - Shot by Matthew Beniers.
9:57 of 1st period - Shot Misses the Net.
9:59 of 1st period - Shot by Alexander Barabanov.
9:59 of 1st period - Stopped by Frederik Andersen without a rebound.
10:00 of 1st period - Morgan Frost wins face-off versus Derek Grant in SPOKANE KNIGHTS zone.
10:02 of 1st period - Lucas Raymond is hit by Jonathon Merrill.
10:11 of 1st period - Lucas Raymond is hit by Jonathon Merrill and loses puck.
10:13 of 1st period - Minor Penalty to Morgan Frost for High sticking.
10:14 of 1st period - Nicklas Backstrom wins face-off versus Evgeni Malkin in UTAH ICE BEARS zone.
12:23 of 1st period - Shot by Matias Maccelli.
12:23 of 1st period - Shot Misses the Net.
12:37 of 1st period - Shot by Morgan Frost.
12:37 of 1st period - Stopped by Frederik Andersen without a rebound.
12:38 of 1st period - Derek Grant wins face-off versus Matthew Beniers in SPOKANE KNIGHTS zone.
12:38 of 1st period - Derek Grant is hit by Alexander Ovechkin.
12:52 of 1st period - Shot by Alexander Ovechkin.
12:52 of 1st period - Shot Blocked by Evan Bouchard.
12:56 of 1st period - Shot by Matthew Beniers.
12:56 of 1st period - Deflect By Alexander Ovechkin.
12:56 of 1st period - Shot Blocked by Derek Grant.
12:58 of 1st period - Shot by Alexander Barabanov.
12:58 of 1st period - Stopped by Frederik Andersen without a rebound.
12:59 of 1st period - Evgeni Malkin wins face-off versus Nicklas Backstrom in SPOKANE KNIGHTS zone.
13:08 of 1st period - Shot by Matthew Tkachuk.
13:08 of 1st period - Shot Misses the Net.
13:10 of 1st period - Shot by Evgeni Malkin.
13:10 of 1st period - Stopped by Frederik Andersen without a rebound.
13:11 of 1st period - Quinton Byfield wins face-off versus Matthew Beniers in SPOKANE KNIGHTS zone.
13:11 of 1st period - Quinton Byfield is hit by Alexander Ovechkin.
14:26 of 1st period - Shot by Evgeni Malkin.
14:26 of 1st period - Stopped by Frederik Andersen without a rebound.
14:27 of 1st period - Morgan Frost wins face-off versus Derek Grant in SPOKANE KNIGHTS zone.
14:27 of 1st period - Morgan Frost is hit by Nathan Beaulieu.
14:35 of 1st period - Shot by Tyler Motte.
14:35 of 1st period - Stopped by Connor Ingram without a rebound.
14:36 of 1st period - Evgeni Malkin wins face-off versus Henri Nikkanen in UTAH ICE BEARS zone.
14:36 of 1st period - Evgeni Malkin is hit by Henri Nikkanen.
14:37 of 1st period - Minor Penalty to Henri Nikkanen for Hooking.
14:38 of 1st period - Evgeni Malkin wins face-off versus Shane Pinto in SPOKANE KNIGHTS zone.
15:22 of 1st period - Icing by T.J. Brodie.
15:23 of 1st period - Evgeni Malkin wins face-off versus Shane Pinto in UTAH ICE BEARS zone.
16:04 of 1st period - Icing by Artem Zub.
16:05 of 1st period - Matthew Beniers wins face-off versus Dryden Hunt in UTAH ICE BEARS zone.
16:05 of 1st period - Matthew Beniers is hit by Dryden Hunt.
16:34 of 1st period - Shot by Casey Mittelstadt.
16:34 of 1st period - Stopped by Frederik Andersen with a rebound.
17:02 of 1st period - Shot by Patrice Bergeron.
17:02 of 1st period - Shot Misses the Net.
17:04 of 1st period - Shot by Nicklas Backstrom.
17:04 of 1st period - Goal by Nicklas Backstrom - UTAH ICE BEARS : 0 - SPOKANE KNIGHTS : 2.
17:05 of 1st period - Blake Lizotte wins face-off versus Derek Grant in neutral zone.
18:20 of 1st period - Patrice Bergeron is hit by Kevin Bahl and loses puck.
18:33 of 1st period - Shot by Patrice Bergeron.
18:33 of 1st period - Deflect By Nicklas Backstrom.
18:33 of 1st period - Shot Blocked by Kevin Bahl.
18:35 of 1st period - Shot by Nicklas Backstrom.
18:35 of 1st period - Stopped by Connor Ingram with a rebound.
19:13 of 1st period - Shot by Matthew Beniers.
19:13 of 1st period - Stopped by Frederik Andersen without a rebound.
19:14 of 1st period - Lucas Raymond wins face-off versus Quinton Byfield in SPOKANE KNIGHTS zone.
19:27 of 1st period - Shot by Matias Maccelli.
19:27 of 1st period - Stopped by Frederik Andersen without a rebound.
19:28 of 1st period - Matthew Beniers wins face-off versus Shane Pinto in SPOKANE KNIGHTS zone.
19:32 of 1st period - Shot by Alexander Barabanov.
19:32 of 1st period - Shot Misses the Net.
19:46 of 1st period - Shot by Alexander Ovechkin.
19:46 of 1st period - Stopped by Frederik Andersen with a rebound.
19:48 of 1st period - Shot by Alexander Barabanov.
19:48 of 1st period - Stopped by Frederik Andersen with a rebound.
19:50 of 1st period - Shot by MacKenzie Weegar.
19:50 of 1st period - Stopped by Frederik Andersen without a rebound.
19:51 of 1st period - Derek Grant wins face-off versus Morgan Frost in SPOKANE KNIGHTS zone.
Goals for this period are 0 for UTAH ICE BEARS vs 2 for SPOKANE KNIGHTS.
Shots for this period are 14 for UTAH ICE BEARS vs 10 for SPOKANE KNIGHTS.

2nd period


0:01 of 2nd period - Nicklas Backstrom wins face-off versus Evgeni Malkin in neutral zone.
0:09 of 2nd period - Shot by Matthew Tkachuk.
0:09 of 2nd period - Stopped by Frederik Andersen with a rebound.
0:11 of 2nd period - Shot by Andrew Peeke.
0:11 of 2nd period - Stopped by Frederik Andersen with a rebound.
0:13 of 2nd period - Shot by T.J. Brodie.
0:13 of 2nd period - Stopped by Frederik Andersen with a rebound.
0:37 of 2nd period - Shot by Casey Mittelstadt.
0:37 of 2nd period - Shot Misses the Net.
0:42 of 2nd period - Evgeni Malkin is hit by Jonathon Merrill and loses puck.
1:04 of 2nd period - David Savard is hit by Evan Bouchard and loses puck.
1:07 of 2nd period - Shot by Alexander Ovechkin.
1:07 of 2nd period - Shot Misses the Net.
1:28 of 2nd period - Shot by Alexander Barabanov.
1:28 of 2nd period - Stopped by Frederik Andersen without a rebound.
1:29 of 2nd period - Morgan Frost wins face-off versus Derek Grant in SPOKANE KNIGHTS zone.
2:00 of 2nd period - Tyler Motte is hit by Matias Maccelli and loses puck.
2:07 of 2nd period - Shot by Lucas Raymond.
2:07 of 2nd period - Deflect By Morgan Frost.
2:07 of 2nd period - Stopped by Frederik Andersen without a rebound.
2:08 of 2nd period - Evgeni Malkin wins face-off versus Shane Pinto in SPOKANE KNIGHTS zone.
2:23 of 2nd period - Icing by T.J. Brodie.
2:24 of 2nd period - Quinton Byfield wins face-off versus Evgeni Malkin in UTAH ICE BEARS zone.
2:37 of 2nd period - Shot by Dryden Hunt.
2:37 of 2nd period - Stopped by Connor Ingram with a rebound.
2:52 of 2nd period - Shot by Quinton Byfield.
2:52 of 2nd period - Deflect By Dryden Hunt.
2:52 of 2nd period - Stopped by Connor Ingram without a rebound.
2:53 of 2nd period - Matthew Beniers wins face-off versus Derek Grant in UTAH ICE BEARS zone.
2:53 of 2nd period - Matthew Beniers is hit by Tyler Motte.
3:00 of 2nd period - Icing by Derek Grant.
3:01 of 2nd period - Matthew Beniers wins face-off versus Tyler Motte in SPOKANE KNIGHTS zone.
3:10 of 2nd period - Shot by Alexander Barabanov.
3:10 of 2nd period - Deflect By Alexander Ovechkin.
3:10 of 2nd period - Shot Misses the Net.
3:58 of 2nd period - Tyler Motte is hit by Evgeni Malkin and loses puck.
4:03 of 2nd period - Shot by Matthew Tkachuk.
4:03 of 2nd period - Stopped by Frederik Andersen without a rebound.
4:04 of 2nd period - Robert Fabbri wins face-off versus Morgan Frost in SPOKANE KNIGHTS zone.
4:43 of 2nd period - Shot by Robert Fabbri.
4:43 of 2nd period - Shot Misses the Net.
4:45 of 2nd period - Shot by Robert Fabbri.
4:45 of 2nd period - Shot Misses the Net.
5:29 of 2nd period - Shot by Shane Pinto.
5:29 of 2nd period - Stopped by Connor Ingram without a rebound.
5:30 of 2nd period - Matthew Beniers wins face-off versus Quinton Byfield in UTAH ICE BEARS zone.
5:30 of 2nd period - Matthew Beniers is hit by Dryden Hunt.
6:03 of 2nd period - Shot by Alexander Barabanov.
6:03 of 2nd period - Shot Misses the Net.
6:05 of 2nd period - Shot by MacKenzie Weegar.
6:05 of 2nd period - Stopped by Frederik Andersen without a rebound.
6:06 of 2nd period - Evgeni Malkin wins face-off versus Derek Grant in SPOKANE KNIGHTS zone.
7:33 of 2nd period - Shot by Nicklas Backstrom.
7:33 of 2nd period - Stopped by Connor Ingram with a rebound.
8:24 of 2nd period - Icing by Artem Zub.
8:25 of 2nd period - Morgan Frost wins face-off versus Henri Nikkanen in UTAH ICE BEARS zone.
9:53 of 2nd period - Shot by Matthew Tkachuk.
9:53 of 2nd period - Stopped by Frederik Andersen with a rebound.
10:13 of 2nd period - Shot by Alexander Ovechkin.
10:13 of 2nd period - Goal by Alexander Ovechkin - UTAH ICE BEARS : 1 - SPOKANE KNIGHTS : 2.
10:14 of 2nd period - Nicklas Backstrom wins face-off versus Matthew Beniers in neutral zone.
10:59 of 2nd period - Shot by Alexander Barabanov.
10:59 of 2nd period - Deflect By Alexander Ovechkin.
10:59 of 2nd period - Stopped by Frederik Andersen without a rebound.
11:00 of 2nd period - Derek Grant wins face-off versus Morgan Frost in SPOKANE KNIGHTS zone.
11:40 of 2nd period - Shot by Lucas Raymond.
11:40 of 2nd period - Shot Hit the Post.
11:42 of 2nd period - Shot by Morgan Frost.
11:42 of 2nd period - Shot Misses the Net.
12:00 of 2nd period - Shot by Evgeni Malkin.
12:00 of 2nd period - Shot Blocked by Derrick Pouliot.
12:02 of 2nd period - Shot by Matthew Tkachuk.
12:02 of 2nd period - Shot Blocked by Derrick Pouliot.
12:04 of 2nd period - Shot by Andrew Peeke.
12:04 of 2nd period - Stopped by Frederik Andersen with a rebound.
12:22 of 2nd period - Shot by Matthew Tkachuk.
12:22 of 2nd period - Shot Misses the Net.
12:24 of 2nd period - Shot by T.J. Brodie.
12:24 of 2nd period - Shot Misses the Net.
12:26 of 2nd period - Shot by Casey Mittelstadt.
12:26 of 2nd period - Shot Misses the Net.
13:06 of 2nd period - Shot by Alexander Barabanov.
13:06 of 2nd period - Shot Blocked by Patrice Bergeron.
13:39 of 2nd period - Shot by Alexander Ovechkin.
13:39 of 2nd period - Stopped by Frederik Andersen without a rebound.
13:40 of 2nd period - Quinton Byfield wins face-off versus Morgan Frost in SPOKANE KNIGHTS zone.
13:48 of 2nd period - Shot by Quinton Byfield.
13:48 of 2nd period - Stopped by Connor Ingram with a rebound.
14:41 of 2nd period - Shot by Derek Grant.
14:41 of 2nd period - Stopped by Connor Ingram with a rebound.
14:43 of 2nd period - Shot by Derek Grant.
14:43 of 2nd period - Shot Misses the Net.
14:45 of 2nd period - Shot by Corey Perry.
14:45 of 2nd period - Deflect By Derek Grant.
14:45 of 2nd period - Shot Misses the Net.
14:47 of 2nd period - Shot by Tucker Poolman.
14:47 of 2nd period - Stopped by Connor Ingram without a rebound.
14:48 of 2nd period - Shane Pinto wins face-off versus Evgeni Malkin in UTAH ICE BEARS zone.
15:02 of 2nd period - Icing by David Savard.
15:03 of 2nd period - Nicklas Backstrom wins face-off versus Evgeni Malkin in UTAH ICE BEARS zone.
15:03 of 2nd period - Nicklas Backstrom is hit by T.J. Brodie.
15:12 of 2nd period - Minor Penalty to T.J. Brodie for Holding.
15:13 of 2nd period - Morgan Frost wins face-off versus Nicklas Backstrom in UTAH ICE BEARS zone.
15:30 of 2nd period - Shot by Patrice Bergeron.
15:30 of 2nd period - Stopped by Connor Ingram without a rebound.
15:31 of 2nd period - Derek Grant wins face-off versus Morgan Frost in UTAH ICE BEARS zone.
15:48 of 2nd period - Shot by Morgan Frost.
15:48 of 2nd period - Stopped by Frederik Andersen with a rebound.
15:50 of 2nd period - Shot by Morgan Frost.
15:50 of 2nd period - Stopped by Frederik Andersen with a rebound.
15:52 of 2nd period - Shot by Kyle Okposo.
15:52 of 2nd period - Stopped by Frederik Andersen without a rebound.
15:53 of 2nd period - Blake Lizotte wins face-off versus Nicklas Backstrom in SPOKANE KNIGHTS zone.
16:29 of 2nd period - Icing by Evan Bouchard.
16:30 of 2nd period - Patrice Bergeron wins face-off versus Morgan Frost in SPOKANE KNIGHTS zone.
16:59 of 2nd period - Off-side.
17:00 of 2nd period - Derek Grant wins face-off versus Morgan Frost in neutral zone.
17:11 of 2nd period - Tyler Motte is hit by Artem Zub and loses puck.
17:39 of 2nd period - Off-side.
17:40 of 2nd period - Matthew Beniers wins face-off versus Derek Grant in neutral zone.
17:49 of 2nd period - David Savard is hit by Tyler Motte and loses puck.
18:01 of 2nd period - Shot by Matthew Beniers.
18:01 of 2nd period - Goal by Matthew Beniers - UTAH ICE BEARS : 2 - SPOKANE KNIGHTS : 2.
18:02 of 2nd period - Nicklas Backstrom wins face-off versus Evgeni Malkin in neutral zone.
18:13 of 2nd period - Shot by Patrice Bergeron.
18:13 of 2nd period - Shot Misses the Net.
18:15 of 2nd period - Shot by Patrice Bergeron.
18:15 of 2nd period - Shot Misses the Net.
18:47 of 2nd period - Shot by Evgeni Malkin.
18:47 of 2nd period - Shot Misses the Net.
19:16 of 2nd period - Shot by Tyler Motte.
19:16 of 2nd period - Shot Misses the Net.
19:21 of 2nd period - Derek Grant is hit by Andrew Peeke and loses puck.
Goals for this period are 2 for UTAH ICE BEARS vs 0 for SPOKANE KNIGHTS.
Shots for this period are 16 for UTAH ICE BEARS vs 8 for SPOKANE KNIGHTS.

3rd period


0:01 of 3rd period - Nicklas Backstrom wins face-off versus Alexander Barabanov in neutral zone.
0:09 of 3rd period - Alexander Ovechkin is hit by Evan Bouchard.
0:15 of 3rd period - Shot by Alexander Ovechkin.
0:15 of 3rd period - Deflect By Alexander Barabanov.
0:15 of 3rd period - Shot Misses the Net.
0:31 of 3rd period - Shot by Matthew Beniers.
0:31 of 3rd period - Stopped by Frederik Andersen with a rebound.
0:33 of 3rd period - Shot by David Savard.
0:33 of 3rd period - Stopped by Frederik Andersen without a rebound.
0:34 of 3rd period - Evgeni Malkin wins face-off versus Corey Perry in SPOKANE KNIGHTS zone.
0:43 of 3rd period - Shot by Casey Mittelstadt.
0:43 of 3rd period - Stopped by Frederik Andersen without a rebound.
0:44 of 3rd period - Morgan Frost wins face-off versus Shane Pinto in SPOKANE KNIGHTS zone.
0:49 of 3rd period - Shot by Lucas Raymond.
0:49 of 3rd period - Deflect By Matias Maccelli.
0:49 of 3rd period - Shot Misses the Net.
1:03 of 3rd period - Shot by Lias Andersson.
1:03 of 3rd period - Deflect By Shane Pinto.
1:03 of 3rd period - Shot Hit the Post.
1:25 of 3rd period - Shot by Shane Pinto.
1:25 of 3rd period - Stopped by Connor Ingram without a rebound.
1:26 of 3rd period - Nicklas Backstrom wins face-off versus Matthew Beniers in UTAH ICE BEARS zone.
1:26 of 3rd period - Patrice Bergeron is hit by MacKenzie Weegar and loses puck.
1:50 of 3rd period - Shot by Alexander Ovechkin.
1:50 of 3rd period - Shot Misses the Net.
2:09 of 3rd period - Alexander Barabanov is hit by Jonathon Merrill and loses puck.
2:57 of 3rd period - Shot by Derek Grant.
2:57 of 3rd period - Stopped by Connor Ingram without a rebound.
2:58 of 3rd period - Morgan Frost wins face-off versus Shane Pinto in UTAH ICE BEARS zone.
3:19 of 3rd period - Shot by Matias Maccelli.
3:19 of 3rd period - Stopped by Frederik Andersen without a rebound.
3:20 of 3rd period - Matthew Beniers wins face-off versus Quinton Byfield in SPOKANE KNIGHTS zone.
3:27 of 3rd period - Shot by Alexander Barabanov.
3:27 of 3rd period - Stopped by Frederik Andersen without a rebound.
3:28 of 3rd period - Matthew Beniers wins face-off versus Derek Grant in SPOKANE KNIGHTS zone.
3:28 of 3rd period - Minor Penalty to Chad Ruhwedel for Hooking.
3:29 of 3rd period - Shane Pinto wins face-off versus Evgeni Malkin in SPOKANE KNIGHTS zone.
4:03 of 3rd period - Evgeni Malkin is hit by Evan Bouchard and loses puck.
4:32 of 3rd period - Matthew Beniers is hit by Evan Bouchard.
4:38 of 3rd period - Shot by Alexander Barabanov.
4:38 of 3rd period - Shot Misses the Net.
4:40 of 3rd period - Shot by Artem Zub.
4:40 of 3rd period - Shot Misses the Net.
4:42 of 3rd period - Shot by Matthew Beniers.
4:42 of 3rd period - Stopped by Frederik Andersen without a rebound.
4:43 of 3rd period - Nicklas Backstrom wins face-off versus Matthew Beniers in SPOKANE KNIGHTS zone.
4:56 of 3rd period - Shot by Nicklas Backstrom.
4:56 of 3rd period - Shot Misses the Net.
5:02 of 3rd period - Shot by Matthew Beniers.
5:02 of 3rd period - Stopped by Frederik Andersen without a rebound.
5:03 of 3rd period - Nicklas Backstrom wins face-off versus Evgeni Malkin in SPOKANE KNIGHTS zone.
5:12 of 3rd period - Derek Grant is hit by Matthew Tkachuk and loses puck.
5:21 of 3rd period - Shot by Evgeni Malkin.
5:21 of 3rd period - Shot Misses the Net.
6:00 of 3rd period - Lucas Raymond is hit by Chad Ruhwedel and loses puck.
6:39 of 3rd period - Minor Penalty to Chad Ruhwedel for High sticking.
6:40 of 3rd period - Shane Pinto wins face-off versus Evgeni Malkin in SPOKANE KNIGHTS zone.
6:53 of 3rd period - Shot by Matthew Tkachuk.
6:53 of 3rd period - Shot Blocked by Evan Bouchard.
6:55 of 3rd period - Shot by T.J. Brodie.
6:55 of 3rd period - Stopped by Frederik Andersen without a rebound.
6:56 of 3rd period - Shane Pinto wins face-off versus Matthew Beniers in SPOKANE KNIGHTS zone.
6:56 of 3rd period - Shane Pinto is hit by Casey Mittelstadt.
7:06 of 3rd period - Alexander Barabanov is hit by Henri Nikkanen and loses puck.
7:26 of 3rd period - Shot by Matthew Beniers.
7:26 of 3rd period - Shot Misses the Net.
7:28 of 3rd period - Shot by T.J. Brodie.
7:28 of 3rd period - Stopped by Frederik Andersen without a rebound.
7:29 of 3rd period - Nicklas Backstrom wins face-off versus Evgeni Malkin in SPOKANE KNIGHTS zone.
7:46 of 3rd period - Shot by Alexander Ovechkin.
7:46 of 3rd period - Stopped by Frederik Andersen without a rebound.
7:47 of 3rd period - Shane Pinto wins face-off versus Evgeni Malkin in SPOKANE KNIGHTS zone.
8:08 of 3rd period - Shot by Matthew Tkachuk.
8:08 of 3rd period - Shot Hit the Post.
8:10 of 3rd period - Shot by Evgeni Malkin.
8:10 of 3rd period - Stopped by Frederik Andersen without a rebound.
8:11 of 3rd period - Nicklas Backstrom wins face-off versus Matthew Beniers in SPOKANE KNIGHTS zone.
8:23 of 3rd period - Icing by Matthew Beniers.
8:24 of 3rd period - Matthew Beniers wins face-off versus Shane Pinto in UTAH ICE BEARS zone.
8:54 of 3rd period - Shot by Lucas Raymond.
8:54 of 3rd period - Stopped by Frederik Andersen with a rebound.
8:59 of 3rd period - Minor Penalty to Andrew Peeke for Interference.
9:00 of 3rd period - Morgan Frost wins face-off versus Derek Grant in UTAH ICE BEARS zone.
9:00 of 3rd period - Morgan Frost is hit by Tyler Motte.
9:12 of 3rd period - Morgan Frost is hit by Derek Grant and loses puck.
11:03 of 3rd period - Shot by Patrice Bergeron.
11:03 of 3rd period - Deflect By Quinton Byfield.
11:03 of 3rd period - Shot Misses the Net.
11:22 of 3rd period - Alexander Ovechkin is hit by Derrick Pouliot and loses puck.
11:28 of 3rd period - Minor Penalty to Tucker Poolman for Holding.
11:29 of 3rd period - Evgeni Malkin wins face-off versus Dryden Hunt in SPOKANE KNIGHTS zone.
11:34 of 3rd period - Shot by Evgeni Malkin.
11:34 of 3rd period - Shot Blocked by Chad Ruhwedel.
11:42 of 3rd period - Shot by Matthew Tkachuk.
11:42 of 3rd period - Stopped by Frederik Andersen without a rebound.
11:43 of 3rd period - Shane Pinto wins face-off versus Casey Mittelstadt in SPOKANE KNIGHTS zone.
11:56 of 3rd period - Shot by Matthew Beniers.
11:56 of 3rd period - Shot Blocked by Nathan Beaulieu.
12:00 of 3rd period - Shot by Casey Mittelstadt.
12:00 of 3rd period - Shot Misses the Net.
12:02 of 3rd period - Shot by Casey Mittelstadt.
12:02 of 3rd period - Stopped by Frederik Andersen without a rebound.
12:03 of 3rd period - Nicklas Backstrom wins face-off versus Evgeni Malkin in SPOKANE KNIGHTS zone.
12:03 of 3rd period - Nicklas Backstrom is hit by Alexander Ovechkin.
12:29 of 3rd period - Shot by Evgeni Malkin.
12:29 of 3rd period - Stopped by Frederik Andersen without a rebound.
12:30 of 3rd period - Matthew Beniers wins face-off versus Nicklas Backstrom in SPOKANE KNIGHTS zone.
16:21 of 3rd period - Shot by Alexander Barabanov.
16:21 of 3rd period - Shot Blocked by Patrice Bergeron.
16:23 of 3rd period - Shot by David Savard.
16:23 of 3rd period - Stopped by Frederik Andersen with a rebound.
16:25 of 3rd period - Shot by Alexander Barabanov.
16:25 of 3rd period - Shot Blocked by Derrick Pouliot.
17:07 of 3rd period - Shot by Matias Maccelli.
17:07 of 3rd period - Stopped by Frederik Andersen with a rebound.
17:12 of 3rd period - Icing by Nathan Beaulieu.
17:13 of 3rd period - Evgeni Malkin wins face-off versus Shane Pinto in SPOKANE KNIGHTS zone.
17:16 of 3rd period - Shot by Matthew Tkachuk.
17:16 of 3rd period - Shot Misses the Net.
17:18 of 3rd period - Shot by Casey Mittelstadt.
17:18 of 3rd period - Shot Misses the Net.
17:36 of 3rd period - Shot by Casey Mittelstadt.
17:36 of 3rd period - Shot Misses the Net.
18:25 of 3rd period - Matthew Beniers is hit by Henri Nikkanen and loses puck.
18:35 of 3rd period - Icing by David Savard.
18:36 of 3rd period - Matthew Beniers wins face-off versus Derek Grant in UTAH ICE BEARS zone.
19:58 of 3rd period - Shot by Morgan Frost.
19:58 of 3rd period - Shot Blocked by Patrice Bergeron.
Goals for this period are 0 for UTAH ICE BEARS vs 0 for SPOKANE KNIGHTS.
Shots for this period are 17 for UTAH ICE BEARS vs 2 for SPOKANE KNIGHTS.

Overtime #1


0:01 of 1st overtime period - Evgeni Malkin wins face-off versus Patrice Bergeron in neutral zone.
0:18 of 1st overtime period - Shot by Alexander Ovechkin.
0:18 of 1st overtime period - Stopped by Frederik Andersen without a rebound.
0:19 of 1st overtime period - Evgeni Malkin wins face-off versus Patrice Bergeron in SPOKANE KNIGHTS zone.
0:26 of 1st overtime period - Shot by Evgeni Malkin.
0:26 of 1st overtime period - Stopped by Frederik Andersen without a rebound.
0:27 of 1st overtime period - Patrice Bergeron wins face-off versus Evgeni Malkin in SPOKANE KNIGHTS zone.
0:36 of 1st overtime period - Shot by Patrice Bergeron.
0:36 of 1st overtime period - Shot Blocked by MacKenzie Weegar.
0:42 of 1st overtime period - Shot by Patrice Bergeron.
0:42 of 1st overtime period - Goal by Patrice Bergeron - UTAH ICE BEARS : 2 - SPOKANE KNIGHTS : 3.
Goals for this period are 0 for UTAH ICE BEARS vs 1 for SPOKANE KNIGHTS.
Shots for this period are 2 for UTAH ICE BEARS vs 1 for SPOKANE KNIGHTS.


BLAKE
WHEELER
STEVEN
STAMKOS
DREW
DOUGHTY

EAST COAST

HOCKEY LEAGUE

  • 63.RHI2PIT5
  • 64.WOR4ATL3
  • 65.QUECHW
  • 66.CHATRV